 Dungeon Crawl Stone Soup version 0.24.0-124-g2791043dd8 (webtiles) character file.

Game seed: 9047581118651531629, levelgen mode: deterministic

163 HawFromDerth the Covert (level 5, -1/38 HPs)
             Began as a Vampire Assassin on Feb 16, 2020.
             Slain by a white imp (5 damage)
             ... summoned by Natasha
             ... on level 3 of the Dungeon.
             The game lasted 00:06:32 (2075 turns).

HawFromDerth the Covert (Vampire Assassin)          Turns: 2075, Time: 00:06:39

Health: -1/38      AC:  0    Str: 10    XL:     5   Next: 20%
Magic:  5/5        EV: 15    Int: 14    God:
Gold:   146        SH:  0    Dex: 16    Spells: 4/4 levels left

rFire    . . .     SeeInvis +   (weapon currently unavailable)
rCold    . . .     Gourm    .   (shield currently unavailable)
rNeg     . . .     Faith    .   (armour currently unavailable)
rPois    .         Spirit   .   (helmet currently unavailable)
rElec    .         Reflect  .   (cloak currently unavailable)
rCorr    .         Harm     .   (gloves currently unavailable)
MR       .....                  (boots currently unavailable)
Stlth    ++++......             o - amulet of regeneration
HPRegen  0.72/turn              (ring currently unavailable)
MPRegen  0.09/turn              (ring currently unavailable)

@: pig-form (expiring), regenerating quickly, slowed
A: small, no food, see invisible
a: Exsanguinate


You were on level 3 of the Dungeon.
You were alive.
You were a filthy swine.
You visited 1 branch of the dungeon, and saw 3 of its levels.

You collected 146 gold pieces.

Inventory:

Hand Weapons
 a - a +3 dagger (melded)
Missiles
 d - 8 poisoned darts (quivered)
 e - 2 curare-tipped darts
Armour
 b - a +0 robe
 c - a +0 cloak (melded)
 r - a +2 leather armour (melded)
Jewellery
 g - a ring of protection from cold (melded)
 o - an amulet of regeneration (around neck)
 p - a cursed ring of teleportation {unknown}
Wands
 q - a wand of polymorph (8)
Scrolls
 h - a scroll of amnesia
 k - 2 scrolls of enchant weapon
 l - 2 scrolls of identify
Potions
 f - 2 potions of haste {unknown}
 i - a potion of agility {unknown}
 m - a potion of might {unknown}
 n - a potion of berserk rage {unknown}


   Skills:
 + Level 2.1 Fighting
 + Level 3.2 Short Blades
 + Level 1.6 Throwing
 + Level 0.1 Armour
 + Level 2.0 Dodging
 + Level 8.7 Stealth


You had 4 spell levels left.
You didn't know any spells.
Your spell library was empty.

Dungeon Overview and Level Annotations

Branches:
Dungeon (3/15)

Altars:
Gozag
Vehumet

Shops:
D:2 *

Annotations:
D:3 Natasha


Innate Abilities, Weirdness & Mutations

You do not eat.
Your natural rate of healing is unusually fast.
((You have razor-sharp teeth.))
You have supernaturally acute eyesight. (SInv)
((You can survive without breathing.))


Message History

Natasha is moderately wounded.
Natasha closely misses you. The white imp barely misses you.
You hit Natasha.
Natasha is heavily wounded.
Natasha closely misses you. The white imp gestures at you.
The puff of frost hits you!
* * * LOW HITPOINT WARNING * * *
You closely miss Natasha.
Natasha is heavily wounded.
Natasha stares at you and mumbles some strange words.
You feel yourself slow down.
Okay, then.
The white imp hits you.
Keep bloodletting? [Y]es or [N]o only, please.
Keep bloodletting?
* * * LOW HITPOINT WARNING * * *
The white imp freezes you.
You die...

####### #.....#
#.....####
#........#
#..=..# .####
###.5...##.....
#...hh....######
#.###.##.......#
### ####..####.#
###..## #.#
##### #...).#
#.##+## #)).#
###...# #.#...##
#...# #.....#
#......# #...#
##..#.###.......
##'##
#.......†.......


You could see Natasha and a white imp.

Vanquished Creatures
  Crazy Yiuf (D:3)
  Natasha (D:3)
  A gnoll (D:1)
  5 adders
  3 worms (D:2)
  A dart slug (D:2)
  A leopard gecko (D:2)
  A ball python (D:1)
  6 bats (D:1)
  2 giant cockroaches (D:2)
  7 goblins
  2 hobgoblins
  A quokka (D:3)
  6 frilled lizards
  4 kobolds
  8 rats
50 creatures vanquished.

Notes
Turn   | Place    | Note
-------+----------+-------------------------------------------
     0 | D:1      | HawFromDerth the Vampire Assassin began the quest for the
                  | Orb.
     0 | D:1      | Reached XP level 1. HP: 16/16 MP: 1/1
    99 | D:1      | Reached skill level 6 in Stealth
   231 | D:1      | Reached XP level 2. HP: 22/22 MP: 2/2
   387 | D:1      | Reached skill level 7 in Stealth
   387 | D:1      | Reached XP level 3. HP: 19/27 MP: 3/3
   766 | D:2      | Found a radiant altar of Vehumet.
  1292 | D:2      | Reached XP level 4. HP: 33/33 MP: 4/4
  1469 | D:2      | Found Gozag's Platinum Reserve.
  1471 | D:2      | Found an opulent altar of Gozag.
  1805 | D:3      | Reached skill level 8 in Stealth
  1843 | D:3      | Noticed Natasha
  1849 | D:3      | Killed Natasha
  1974 | D:3      | Found a runed translucent door.
  1975 | D:3      | Noticed Crazy Yiuf
  1982 | D:3      | Killed Crazy Yiuf
  1982 | D:3      | Reached XP level 5. HP: 38/38 MP: 5/5
  2048 | D:3      | Noticed Natasha
  2075 | D:3      | Slain by a white imp

Levels and vault maps discovered:
D:1:      elethiomel_arrival_infinity_welcomes_careful_drivers, layout_rooms,
          roderic_serpentine_path, minmay_small_reverse_x
D:2:      layout_loops_ring, fiery_altar_vehumet,
          nicolae_gozag_zags_fifth_avenue, first_ration,
          chequers_serial_rivers_micro_d, kennysheep_generic_room_13
D:3:      layout_loops_corners, uniq_crazy_yiuf_cottage, uniq_ijyb, uniq_natasha

Skill      XL: |  1  2  3  4 |
---------------+-------------+-----
Stealth        | 6 7 8 |  8.7
Fighting       | 2 |  2.1
Short Blades   | 3 |  3.2
Dodging        | 2 |  2.0
Throwing       | |  1.6
Armour         | |  0.1

Action                   |  1- 3 |  4- 6 || total
-------------------------+-------+-------++-------
Melee: Dagger            |   113 |    13 ||   126
       Bite              |    17 |     1 ||    18
       Unarmed           |       |    16 ||    16
Throw: Dart              |     3 |       ||     3
 Abil: Exsanguinate      |       |     1 ||     1
  Use: Scroll            |       |     9 ||     9
 Stab: Sleeping          |    20 |     7 ||    27
Armor: Robe              |    16 |       ||    16
       Leather armour    |       |     3 ||     3
Dodge: Dodged            |    47 |    11 ||    58
